 Dungeon Crawl Stone Soup version 0.22.1-1-ga44c0e56f4 (webtiles) character file.

39423 Muumios the Fighter (level 13, -1/109 HPs)
             Began as a Mummy Gladiator on Oct 24, 2018.
             Was an Initiate of Gozag.
             Slain by a two-headed ogre
             ... wielding a +0 giant spiked club
              (19 damage)
             ... on level 1 of the Orcish Mines.
             The game lasted 00:40:32 (26621 turns).

Muumios the Fighter (Mummy Gladiator)              Turns: 26621, Time: 00:40:33

Health: -1/109     AC: 15    Str: 22    XL:     13   Next: 69%
Magic:  27/27      EV: 14    Int: 14    God:    Gozag
Gold:   42         SH:  0    Dex: 13    Spells: 33/33 levels left

rFire    x . .     SeeInvis .   v - +3 battleaxe (flame)
rCold    + . .     Gourm    .   (shield currently unavailable)
rNeg     + + +     Faith    .   u - +0 ring mail
rPois    ∞         Spirit   .   s - +2 helmet of Otuat {rElec rPois Int+2}
rElec    +         Reflect  .   (no cloak)
rCorr    .         Harm     .   g - +1 pair of gloves {archery}
MR       ++...                  (no boots)
Stlth    +.........             (no amulet)
HPRegen  0.28/turn              x - +4 ring of protection
MPRegen  0.20/turn              f - ring of Xunewkya {rElec MR+ Str+4 Slay+3}

@: about to teleport
A: no food or potions, fire vulnerability, cold resistance 1, negative energy
resistance 3, torment resistance, unbreathing, in touch with death 1
a: Potion Petition, Call Merchant, Bribe Branch, Renounce Religion


You were on level 1 of the Orcish Mines.
You worshipped Gozag.
Gozag was noncommittal.
You were not hungry.

You visited 4 branches of the dungeon, and saw 22 of its levels.
You also visited: Volcano.

You collected 4634 gold pieces.
You spent 1339 gold pieces at shops.
You paid 3253 gold pieces to Gozag.

Inventory:

Hand Weapons
 a - a +0 flail
 j - a +2 hand axe of freezing
 r - a +9 whip of venom
 v - a +3 battleaxe of flaming (weapon)
Armour
 d - a +2 robe of cold resistance
 g - a +1 pair of gloves of archery (worn)
 s - the +2 helmet of Otuat (worn) {rElec rPois Int+2}
   (You bought it in a shop on level 7 of the Dungeon)

   It affects your intelligence (+2).
   It insulates you from electricity.
   It protects you from poison.
 u - a +0 ring mail (worn)
Jewellery
 e - an uncursed ring of protection from fire
 f - the ring of Xunewkya (right hand) {rElec MR+ Str+4 Slay+3}
   (You bought it in a shop on level 4 of the Lair of Beasts)

   [ring of protection from magic]

   It affects your strength (+4).
   It affects your accuracy and damage with ranged weapons and melee attacks
   (+3).
   It insulates you from electricity.
   It affects your resistance to hostile enchantments.
 h - an uncursed ring of teleportation
 m - an uncursed amulet of harm
 n - the ring of Polytheism {+Inv Str+3}
   (You took it off an orc wizard on level 6 of the Dungeon)

   [ring of strength]

   It affects your strength (+3).
   It lets you turn invisible.
 p - an uncursed ring of attention
 q - an uncursed ring of resist corrosion
 x - a +4 ring of protection (left hand)
Wands
 b - a wand of flame (78)
 k - a wand of random effects (49)
 o - a wand of digging (31)
 B - a wand of iceblast (7)
 C - a wand of polymorph (8)
Scrolls
 c - 3 scrolls of amnesia
 i - 2 scrolls of teleportation
 l - 11 scrolls of identify
 t - a scroll of brand weapon
 w - 2 scrolls of remove curse


   Skills:
 + Level 12.5 Fighting
 * Level 10.5(11.6) Axes
 - Level 8.5(10.7) Maces & Flails
 - Level 1.5 Throwing
 - Level 5.6 Armour
 - Level 6.6 Dodging
 * Level 10.5 Spellcasting


You had 33 spell levels left.
You didn't know any spells.
Your spell library contained the following spells:

 Spells                   Type           Power        Failure   Level  Hunger
 Apportation              Tloc           #.....       16%         1    N/A
 Summon Butterflies       Summ           #.......     16%         1    N/A
 Lesser Beckoning         Tloc           #.........   41%         3    N/A
 Static Discharge         Conj/Air       #.......     41%         3    N/A
 Tukima's Dance           Hex            #.......     41%         3    N/A
 Alistair's Intoxication  Tmut/Pois      #.......     99%         5    N/A
 Irradiate                Conj/Tmut      #.........   99%         5    N/A
 Lightning Bolt           Conj/Air       #.........   99%         5    N/A
 Invisibility             Hex            #.......     100%        6    N/A
 Ignition                 Fire           #.........   100%        8    N/A
 Shatter                  Erth           #.........   100%        9    N/A
 Tornado                  Air            #.........   100%        9    N/A
 Hydra Form               Tmut           Unusable     N/A         6    N/A
 Statue Form              Tmut/Erth      Unusable     N/A         6    N/A
 Dragon Form              Tmut           Unusable     N/A         7    N/A

Dungeon Overview and Level Annotations

Branches:
Dungeon (13/15)            Temple (1/1) D:6            Lair (6/6) D:8
 Shoals (0/4) Lair:2        Snake (0/4) Lair:2        Slime (0/5) Lair:5
    Orc (2/2) D:12            Elf (0/3) Orc:2
 Vaults: D:13-14

Altars:
Ashenzari
Cheibriados
Dithmenos
Elyvilon
Fedhas
Gozag
Hepliaklqana
Kikubaaqudgha
Makhleb
Nemelex Xobeh
Okawaru
Qazlal
Ru
Sif Muna
Trog
Uskayaw
Vehumet
Wu Jian
Xom
Yredelemnul
Zin
The Shining One
Beogh
Jiyva

Shops:
D:6 %   D:7 [   D:8 !   D:11 (   D:12 *   Orc:1 [   Lair:4 =

Annotations:
D:11 Urug


Innate Abilities, Weirdness & Mutations

You do not eat or drink.
Your flesh is vulnerable to fire.
You are immune to poison.
Your flesh is cold resistant. (rC+)
You are immune to negative energy. (rN+++)
You are immune to unholy pain and torment.
You can survive without breathing.
You are in touch with the powers of death.


Message History

You barely miss the ogre. You hit the two-headed ogre.
You burn the two-headed ogre.
The two-headed ogre hits you but does no damage.
The two-headed ogre closely misses you. The ogre hits you with a giant club!
The two-headed ogre hits you with a giant spiked club!!
The two-headed ogre misses you.
The two-headed ogre closely misses you. x2
The two-headed ogre hits you with a giant spiked club.
The two-headed ogre hits you with a giant club!
* * * LOW HITPOINT WARNING * * *
Okay, then.
As you read the scroll of teleportation, it crumbles to dust.
You feel strangely unstable. The two-headed ogre closely misses you.
The two-headed ogre hits you with a giant club.
* * * LOW HITPOINT WARNING * * *
The two-headed ogre hits you with a giant spiked club!
* * * LOW HITPOINT WARNING * * *
The two-headed ogre hits you with a giant club!!
You die...
Your body crumbles into a pile of gold.

#................###.....#.....)
##.............[.##...........##
##.........#...[##....∩....#...#
#....#........<.[.[........##..#
##.##.........[))...........#...
####.................)....#....
###................>........#
##..#........................#
#...........#@................
##..........OO................
###........#O.#..[...........
##........>#.#.....[))....###
#.........O.......[).[....###
##............#............##
####.......................#
##.#...................##
##.####................##


You could see 2 two-headed ogres and an ogre.

Vanquished Creatures
  The ghost of Cykl0x the Cleaver, a journeyman GrFi of Okawaru (D:12)
  3 hydras
  Harold (D:12)
  A centaur warrior (D:11)
  A catoblepas (Lair:3)
  4 two-headed ogres
  An ogre mage (D:13)
  Nergalle (D:11)
  4 skeletal warriors
  An unseen horror (D:12)
  A wizard (D:12)
  A deep elf mage (D:13)
  An ugly thing (D:11)
  A manticore (D:13)
  A cyclops (Orc:1)
  2 black mambas
  2 gargoyles
  5 spiny frogs
  A rime drake (Lair:4)
  A komodo dragon (Lair:4)
  9 trolls
  8 blink frogs
  6 hippogriffs
  7 dream sheep (Lair:4)
  Sigmund (D:2)
  A centaur simulacrum (D:13)
  A shadow (D:12)
  2 wraiths (D:11)
  A basilisk (Lair:3)
  A fire bat (Volcano)
  3 wyverns
  26 yaks
  2 hungry ghosts
  2 wargs
  A vampire mosquito (D:12)
  6 water moccasins
  8 porcupines
  17 orc warriors
  An ice beast (D:10)
  5 sky beasts
  A black bear (D:9)
  8 wolves
  15 ogres
  11 centaurs
  8 crocodiles
  A big kobold (D:12)
  Blork the orc (D:4)
  7 bullfrogs
  3 scorpions
  7 jellies
  11 killer bees (D:10)
  5 wights (D:6)
  A howler monkey (D:5)
  2 electric eels (D:8)
  A lava snake (Volcano)
  A bullfrog zombie (D:5)
  4 crimson imps
  2 quasits
  A bullfrog skeleton (D:12)
  3 centaur zombies
  12 orc priests
  12 hounds
  23 orc wizards
  A centaur skeleton (D:4)
  Jessica (D:2)
  3 iguanas
  8 worker ants
  A hound zombie (D:10)
  A howler monkey zombie (D:6)
  2 howler monkey skeletons
  A worker ant zombie (D:5)
  18 adders
  3 shadow imps
  7 oozes
  A worm (D:4)
  2 dart slugs
  A leopard gecko (D:2)
  79 orcs
  2 ball pythons
  A giant cockroach (D:2)
  2 goblins (D:1)
  9 hobgoblins
  7 jackals
  10 quokkas
  10 bats
  11 frilled lizards
  11 kobolds
  A quokka skeleton (D:4)
  A quokka zombie (D:8)
  6 rats
  A spectral orc (D:7)
  A plant (Lair:3)
484 creatures vanquished.

Vanquished Creatures (others)
  A centaur (D:11)
  7 fungi
  6 plants
14 creatures vanquished.

Grand Total: 498 creatures vanquished

Notes
Turn   | Place    | Note
-------+----------+-------------------------------------------
     0 | D:1      | Muumios the Mummy Gladiator began the quest for the Orb.
     0 | D:1      | Reached XP level 1. HP: 16/16 MP: 1/1
   157 | D:1      | Reached XP level 2. HP: 17/23 MP: 2/2
   714 | D:2      | Reached XP level 3. HP: 24/28 MP: 3/3
   720 | D:2      | Reached skill level 3 in Fighting
   820 | D:2      | Noticed Jessica
   828 | D:2      | Killed Jessica
   828 | D:2      | Reached XP level 4. HP: 34/35 MP: 4/4
   859 | D:2      | Reached skill level 1 in Axes
   901 | D:2      | Noticed Sigmund
   968 | D:2      | Killed Sigmund
   968 | D:2      | Reached skill level 4 in Fighting
   968 | D:2      | Reached XP level 5. HP: 27/43 MP: 5/5
  1381 | D:3      | Reached XP level 6. HP: 48/49 MP: 6/6
  1785 | D:3      | Reached skill level 5 in Fighting
  2408 | D:4      | Noticed Blork the orc
  2427 | D:5      | Entered Level 5 of the Dungeon
  2590 | D:5      | Found a shadowy altar of Dithmenos.
  2641 | D:5      | Reached XP level 7. HP: 46/56 MP: 7/7
  3090 | D:7      | Found Kink's Antique Armour Emporium.
  3108 | D:7      | Bought a pitted helmet for 199 gold pieces
  3118 | D:7      | Identified the +2 helmet of Otuat {rElec rPois Int+2} (You
                  | bought it in a shop on level 7 of the Dungeon)
  3315 | D:7      | Reached skill level 6 in Fighting
  4004 | D:7      | Noticed a hungry ghost
  4020 | D:7      | Killed a hungry ghost
  4020 | D:7      | Reached skill level 5 in Maces & Flails
  4020 | D:7      | Reached XP level 8. HP: 60/65 MP: 8/8
  4031 | D:7      | Found a basalt altar of Yredelemnul.
  4089 | D:7      | Reached skill level 7 in Fighting
  4498 | D:6      | Found an iron altar of Okawaru.
  4622 | D:6      | Found Xufasavu's Food Emporium.
  4645 | D:6      | Reached skill level 8 in Fighting
  5044 | D:6      | Found a bloodstained altar of Trog.
  5061 | D:6      | Got a brightly glowing wooden ring
  5168 | D:6      | Found a staircase to the Ecumenical Temple.
  5203 | Temple   | Entered the Ecumenical Temple
  5725 | D:4      | Found an ancient bone altar of Kikubaaqudgha.
  5726 | D:4      | Reached XP level 9. HP: 72/75 MP: 9/9
  5765 | D:4      | Found a white marble altar of Elyvilon.
  5883 | D:4      | Killed Blork the orc
  6293 | Temple   | Became a worshipper of Gozag Ym Sagoz the Greedy
  6867 | D:8      | Found Istril's Distillery.
  6879 | D:8      | Identified the ring of Polytheism {+Inv Str+3} (You took it
                  | off an orc wizard on level 6 of the Dungeon)
  6936 | D:8      | Reached skill level 9 in Fighting
  6975 | D:8      | Noticed a troll
  6988 | D:8      | Killed a troll
  6999 | D:8      | Found a shattered altar of Ashenzari.
  7258 | D:8      | Found a staircase to the Lair.
  7720 | D:9      | Noticed a troll
  7736 | D:10     | Entered Level 10 of the Dungeon
  8131 | D:9      | Killed a troll
  8226 | D:9      | Reached XP level 10. HP: 48/83 MP: 10/10
  8544 | D:9      | Reached skill level 5 in Dodging
  9334 | D:10     | Noticed a gargoyle
  9344 | D:10     | HP: 3/84 [gargoyle/stone arrow (15)]
  9347 | D:11     | Noticed a two-headed ogre
  9352 | D:11     | Noticed a centaur warrior
  9359 | D:11     | HP: 3/84 [centaur/arrow[a centaur warrior] (3)]
  9782 | D:11     | Noticed a red ugly thing
  9805 | D:11     | Killed a white ugly thing
 10020 | D:11     | Noticed a death knight
 10047 | D:10     | Reached skill level 10 in Fighting
 10398 | D:10     | Killed a gargoyle
 10574 | Lair:1   | Entered Level 1 of the Lair of Beasts
 10574 | Lair:1   | Noticed a black mamba
 10584 | Lair:1   | Killed a black mamba
 10881 | Lair:1   | Noticed a spiny frog
 10891 | Lair:1   | Killed a spiny frog
 10891 | Lair:1   | Reached skill level 1 in Armour
 11236 | Lair:1   | Reached XP level 11. HP: 78/91 MP: 11/11
 11250 | Lair:1   | Reached skill level 5 in Axes
 11833 | Lair:1   | Got a steaming ring mail
 11844 | Lair:1   | Identified the +2 ring mail "Bophuun" {-Tele rN+ Int+4
                  | Dex+4} (You found it on level 1 of the Lair of Beasts)
 11990 | Lair:2   | Found a staircase to the Snake Pit.
 12383 | Lair:2   | Found a staircase to the Shoals.
 12744 | Lair:3   | Noticed a catoblepas
 13292 | D:11     | Noticed a skeletal warrior
 13780 | D:11     | Noticed Nergalle
 13791 | D:11     | Killed Nergalle
 14461 | Lair:3   | Noticed an eight-headed hydra
 14829 | Lair:3   | Killed a catoblepas
 15399 | Lair:4   | Reached skill level 5 in Armour
 15513 | Lair:4   | Reached skill level 11 in Fighting
 15604 | Lair:4   | Reached XP level 12. HP: 65/100 MP: 12/12
 15840 | Lair:4   | Noticed a seven-headed hydra
 15918 | Lair:5   | Reached skill level 1 in Spellcasting
 15979 | Lair:5   | Found a viscous altar of Jiyva.
 15979 | Lair:5   | Found a staircase to the Slime Pits.
 16016 | Lair:5   | Found a dark tunnel.
 16168 | Volcano  | Entered a volcano
 16623 | Lair:5   | Noticed a six-headed hydra
 16946 | Lair:4   | Killed a two-headed hydra
 17710 | Lair:5   | Killed a one-headed hydra
 17853 | Lair:5   | Noticed a death yak
 17853 | Lair:5   | Noticed a death yak
 17854 | Lair:5   | Noticed a death yak
 17855 | Lair:5   | Noticed a death yak
 17855 | Lair:5   | Noticed a death yak
 18518 | Lair:3   | Reached skill level 5 in Spellcasting
 18956 | Lair:3   | Killed a six-headed hydra
 18989 | Lair:4   | Bought the ring of Xunewkya {rElec MR+ Str+4 Slay+3} for
                  | 780 gold pieces
 19270 | D:11     | Killed a centaur warrior
 19396 | D:11     | Found a burning altar of Makhleb.
 19497 | D:11     | Noticed Urug
 19614 | D:11     | Killed a two-headed ogre
 19686 | D:11     | Found Himeav's Antique Weapon Boutique.
 20084 | D:12     | Found a staircase to the Orcish Mines.
 20478 | Orc:1    | Entered Level 1 of the Orcish Mines
 20730 | Orc:1    | Noticed Harold
 20731 | Orc:1    | Found a roughly hewn altar of Beogh.
 20831 | D:12     | Gained mutation: You are in touch with the powers of death.
                  | [Mummy growth]
 20831 | D:12     | Reached XP level 13. HP: 81/107 MP: 24/24
 21475 | D:12     | Found a runed gate.
 21475 | D:12     | Found a runed gate.
 21475 | D:12     | Found a runed gate.
 21477 | D:12     | Found an opulent altar of Gozag.
 21479 | D:12     | Noticed Cykl0x's ghost (journeyman GrFi)
 21512 | D:12     | Killed Harold
 21512 | D:12     | Reached skill level 12 in Fighting
 21828 | D:12     | Found a snail-covered altar of Cheibriados.
 22716 | D:12     | Found Ahuzom's Assorted Antiques.
 22806 | D:12     | Killed Cykl0x's ghost
 22837 | D:12     | Bought a glowing fluorescent wand for 120 gold pieces
 23250 | D:13     | Reached skill level 10 in Axes
 24731 | Lair:6   | Entered Level 6 of the Lair of Beasts
 25189 | Orc:1    | Found a shimmering altar of Xom.
 25667 | Orc:2    | Entered Level 2 of the Orcish Mines
 25684 | Orc:2    | Reached skill level 10 in Spellcasting
 26000 | Orc:2    | Found a staircase to the Elven Halls.
 26564 | Orc:1    | Bought a pair of glowing gloves for 240 gold pieces
 26621 | Orc:1    | Slain by a two-headed ogre

Skill      XL: |  1  2  3  4  5  6  7  8  9 10 11 12 13 |
---------------+----------------------------------------+-----
Maces & Flails | 3 5 6 8 |  8.5
Fighting       | 3 4 5 6 8 9 10 11 12 | 12.5
Axes           | 2 3 4 7 9 10 | 10.5
Dodging        | 4 6 |  6.6
Armour         | 1 5 |  5.6
Spellcasting   | 7 10 | 10.5
Throwing       | |  1.5

Action                   |  1- 3 |  4- 6 |  7- 9 | 10-12 | 13-15 || total
-------------------------+-------+-------+-------+-------+-------++-------
Melee: Flail             |    91 |       |       |       |       ||    91
       Hand axe          |     6 |   119 |       |       |       ||   125
       Whip              |       |    50 |   380 |   747 |    23 ||  1200
       Battleaxe         |       |       |       |   110 |   266 ||   376
Throw: Throwing net      |       |     6 |       |       |     3 ||     9
Invok: Potion Petition   |       |       |       |     3 |     2 ||     5
       Call Merchant     |       |       |       |     1 |     1 ||     2
 Abil: Evoke Invisibilit |       |       |       |     4 |       ||     4
Evoke: Wand              |       |     6 |    13 |    38 |     5 ||    62
  Use: Scroll            |     4 |     9 |    11 |    18 |     5 ||    47
 Stab: Held in net/web   |       |     2 |       |       |       ||     2
       Sleeping          |       |     1 |       |       |       ||     1
       Paralysed         |       |     2 |    10 |     5 |       ||    17
       Invisible         |       |       |       |     8 |     8 ||    16
       Distracted        |       |       |       |     3 |     3 ||     6
Armor: Chain mail        |    67 |    30 |       |       |       ||    97
       Leather armour    |     7 |       |       |       |       ||     7
       Robe              |       |    41 |    24 |       |       ||    65
       Ring mail         |       |       |    86 |   264 |    91 ||   441
Dodge: Dodged            |    50 |    99 |   160 |   542 |   236 ||  1087
